 Dungeon Crawl Stone Soup version 0.15-a0-258-g027b8cd (webtiles) character file.

48 PolkaDot the Vexing (level 2, 0/19 HPs)
             Began as a Vampire Enchanter on Apr 27, 2014.
             Slain by Ijyb
             ... wielding a +0,+0 whip
              (2 damage)
             ... on Level 2 of the Dungeon.
             The game lasted 00:06:37 (1742 turns).

PolkaDot the Vexing (Vampire Enchanter)             Turns: 1742, Time: 00:06:37

HP   0/19        AC  3     Str  7      XL: 2   Next: 75%
MP   2/4         EV 12     Int 17      God:
Gold 25          SH  0     Dex 14      Spells:  3 memorised,  0 levels left

rFire  . . .     SeeInvis +     a - +1 dagger
rCold  + . .     Clarity  .     b - +1 robe
rNeg   + + .     Conserve .     (no shield)
rPois  +         rCorr    .     (no helmet)
rElec  .         rRot     +     (no cloak)
SustAb . .       Spirit   .     (no gloves)
rMut   .         Warding  .     (no boots)
Saprov . . .     Stasis   .     (no amulet)
MR     .....                    (no ring)
                                (no ring)

@: regenerating slowly, not resistant to hostile enchantments, stealthy
A: fangs 3, see invisible, unbreathing
a: no special abilities


You were on level 2 of the Dungeon.
You were very thirsty.

You visited 1 branch of the dungeon, and saw 2 of its levels.

You collected 25 gold pieces.

Inventory:

Hand weapons
 a - a +1,+1 dagger (weapon)
Missiles
 d - 6 darts (quivered)
Armour
 b - a +1 robe (worn)
Scrolls
 g - a scroll of teleportation {unknown}
 h - a scroll of noise {unknown}
 i - a scroll of fog {unknown}
 j - a scroll of blinking {unknown}
Books
 c - a book of Maledictions

   Spells                             Type                      Level
   *Corona                            Hexes                        1
   *Sure Blade                        Hexes/Charms                 2
   *Ensorcelled Hibernation           Hexes/Ice                    2
   Confuse                            Hexes                        3
   Dazzling Spray                     Conjuration/Hexes            3
   Enslavement                        Hexes                        4


   Skills:
 + Level 1.8 Short Blades
 - Level 0.7 Throwing
 - Level 2.1 Dodging
 + Level 3.8 Stealth
 - Level 2.0 Spellcasting
 * Level 5.1 Hexes


You couldn't memorise any spells.
You knew the following spells:

 Your Spells              Type           Power        Failure   Level  Hunger
a - Corona                Hex            ###....      2%          1    #......
b - Sure Blade            Hex/Chrm       ##........   12%         2    ###....
d - Ensorcelled Hibernat  Hex/Ice        ##....       12%         2    ###....


Dungeon Overview and Level Annotations

Branches:
Dungeon (2/15)

Altars:
Elyvilon
Makhleb
Trog

Annotations:
D:2 Ijyb


Innate Abilities, Weirdness & Mutations

You heal slowly.
You have razor-sharp teeth.
You have supernaturally acute eyesight.
You can survive without breathing.


Message History

Aiming: Ensorcelled Hibernation
Press: ? - help, Shift-Dir - straight line, f/p - Ijyb
Aim: Ijyb, wielding a whip and wearing a scale mail (almost dead) Ijyb resists.
* * * LOW MAGIC WARNING * * *
Ijyb barely misses you.
You hit Ijyb but do no damage. You bite Ijyb, but do no damage.
Ijyb is almost dead.
Ijyb hits you but does no damage.
You hit Ijyb but do no damage. Your bite misses Ijyb.
Ijyb is almost dead.
Ijyb screams, "Me very upset!"
Ijyb hits you but does no damage.
You barely miss Ijyb.
Ijyb is almost dead.
Ijyb hits you with a whip.
* * * LOW HITPOINT WARNING * * *
You are feeling very thirsty.
Ijyb hits you with a whip.
You die...

#.#.#...# #....
#....#### #[... #....#
#.... ##....# #....
#....## #.#.# #....#
..# #....# ## ##.#.####
#_ #.g....# ##.
#..@...# #..
####..!...# ##..
#%...#.#### #...
#>...#.# ###...
#....#.####### ###....8
####.........###......#
###.#.###.'......8##
#.#.###.###......#
#....##...###....8
#....####...###...


You could see Ijyb.

Vanquished Creatures
  3 bats
  3 hobgoblins (D:1)
  3 jackals (D:1)
  3 kobolds
  2 giant cockroaches
  3 goblins (D:1)
  4 rats (D:1)
21 creatures vanquished.

Notes
Turn   | Place    | Note
--------------------------------------------------------------
     0 | D:1      | PolkaDot, the Vampire Enchanter, began the quest for the Orb.
     0 | D:1      | Reached XP level 1. HP: 13/13 MP: 3/3
   765 | D:1      | Reached XP level 2. HP: 19/19 MP: 2/4
   798 | D:1      | Learned a level 2 spell: Ensorcelled Hibernation
   801 | D:1      | Learned a level 2 spell: Sure Blade
  1346 | D:2      | Found a white marble altar of Elyvilon.
  1352 | D:2      | Found a bloodstained altar of Trog.
  1355 | D:2      | Found a burning altar of Makhleb.
  1522 | D:2      | Reached skill level 5 in Hexes
  1524 | D:2      | Noticed Ijyb
  1742 | D:2      | Slain by Ijyb

Action                   || total
-------------------------++-------
Melee: Dagger            ||    85
Throw: Dart              ||    21
 Cast: Corona            ||    17
       Ensorcelled Hiber ||     9
  Use: Potion            ||     3
 Stab: Sleeping          ||     7
